 Dungeon Crawl Stone Soup version 0.22-a0-166-g5351223 (webtiles) character file.

494 varam the Ruffian (level 6, -6/88 HPs)
             Began as a Troll Monk on Feb 13, 2018.
             Was a Believer of Okawaru.
             Mangled by p0werm0de's ghost (10 damage)
             ... on level 5 of the Dungeon.
             The game lasted 00:07:15 (3048 turns).

varam the Ruffian (Troll Monk)                      Turns: 3048, Time: 00:07:17

Health: -6/88      AC:  6    Str: 25    XL:     6   Next: 92%
Magic:  3/5        EV: 13    Int:  8    God:    Okawaru [**....]
Gold:   196        SH:  0    Dex: 12    Spells: 5/5 levels left

rFire    . . .     SeeInvis .     - Unarmed
rCold    . . .     Gourm    +   (no shield)
rNeg     . . .     Faith    .   a - +0 robe
rPois    .         Spirit   .   (helmet restricted)
rElec    .         Reflect  .   q - +0 cloak
rCorr    .         Harm     .   (gloves unavailable)
MR       .....                  (boots unavailable)
Stlth    ..........             (no amulet)
HPRegen  0.64/turn              (no ring)
MPRegen  0.09/turn              (no ring)

@: berserking, heroism, very quick
A: large, unfitting armour, claws 3, fast metabolism 3, gourmand, regeneration
1, shaggy fur 1, tough skin 2
a: Heroism, Renounce Religion


You were on level 5 of the Dungeon.
You worshipped Okawaru.
Okawaru was pleased with you.
You were very full.

You visited 2 branches of the dungeon, and saw 6 of its levels.

You collected 196 gold pieces.

Inventory:

Missiles
 s - 4 tomahawks (quivered)
Armour
 a - a +0 robe (worn)
 q - a +0 cloak (worn)
Wands
 l - a wand of iceblast (8)
Scrolls
 c - a scroll of identify
 d - a scroll of fog
 h - 3 scrolls of remove curse {unknown}
 j - a scroll of enchant weapon
 k - a scroll of teleportation {unknown}
 m - a scroll of enchant armour {unknown}
 n - 3 scrolls of magic mapping {unknown}
 p - 2 scrolls of amnesia {unknown}
Potions
 e - a potion of berserk rage
 f - a potion of degeneration {unknown}
 g - a potion of flight {unknown}
 o - a potion of cancellation {unknown}
 r - 2 potions of curing
 t - a potion of lignification {unknown}
Books
 i - a book of Changes

   Spells                             Type                      Level
   a - Beastly Appendage              Transmutation                1
   b - Sticks to Snakes               Transmutation                2
   c - Spider Form                    Transmutation/Poison         3
   d - Ice Form                       Ice/Transmutation            4
   e - Blade Hands                    Transmutation                5
Comestibles
 b - 14 rations


   Skills:
 - Level 2.4(7.4) Fighting
 - Level 2.4(7.4) Dodging
 - Level 1.0(6.0) Stealth
 + Level 7.9(12.9) Unarmed Combat


You had 5 spell levels left.
You didn't know any spells.

Dungeon Overview and Level Annotations

Branches:
Dungeon (5/15)             Temple (1/1) D:4

Altars:
Cheibriados
Dithmenos
Elyvilon
Gozag
Hepliaklqana
Kikubaaqudgha
Makhleb
Okawaru
Qazlal
Trog
Uskayaw
Vehumet
Wu Jian
Xom
Yredelemnul
Zin
The Shining One

Annotations:
D:5 1 runed door, p0werm0de's ghost, novice DsSk


Innate Abilities, Weirdness & Mutations

You are too large for most types of armour.
You have claws for hands.
Your metabolism is lightning-fast.
You like to eat raw meat.
Your natural rate of healing is unusually fast.
You are covered in fur. (AC +1)
You have very tough skin. (AC +2)


Message History

You claw p0werm0de's ghost! You claw p0werm0de's ghost.
P0werm0de's ghost is moderately damaged.
P0werm0de's ghost hits you!
You scratch p0werm0de's ghost but do no damage.
P0werm0de's ghost is moderately damaged.
P0werm0de's ghost hits you.
You scratch p0werm0de's ghost but do no damage.
P0werm0de's ghost is moderately damaged.
You scratch p0werm0de's ghost.
P0werm0de's ghost is moderately damaged.
P0werm0de's ghost hits you!
* * * LOW HITPOINT WARNING * * *
x2
Okay, then.
A red film seems to cover your vision as you go berserk!
You feel yourself moving faster!
You feel mighty! P0werm0de's ghost barely misses you.
You scratch p0werm0de's ghost.
P0werm0de's ghost is heavily damaged.
P0werm0de's ghost hits you!
You die...

##....# ♣♣.♣
#...### ♣.♣♣
#W#.# ♣.♣
#5#... .♣♣
#.##### #+
######.#.###
#......#...
#.#..((#.##
#.....W@#
#......##
########


You could see p0werm0de's ghost.

Vanquished Creatures
  An ice beast (D:3)
  An ogre (D:4)
  A bullfrog skeleton (D:5)
  A hound (D:4)
  2 orc priests (D:4)
  2 orc wizards (D:4)
  A worker ant (D:5)
  2 adders (D:2)
  A shadow imp (D:5)
  2 oozes
  An adder skeleton (D:4)
  6 dart slugs
  A worm (D:2)
  A leopard gecko (D:1)
  6 orcs
  A ball python (D:3)
  12 bats
  4 giant cockroaches (D:1)
  7 goblins
  4 hobgoblins
  5 jackals
  A quokka (D:5)
  7 frilled lizards
  11 kobolds
  3 rats
84 creatures vanquished.

Notes
Turn   | Place    | Note
-------+----------+-------------------------------------------
     0 | D:1      | varam the Troll Monk began the quest for the Orb.
     0 | D:1      | Reached XP level 1. HP: 22/22 MP: 0/0
    66 | D:1      | Reached XP level 2. HP: 29/29 MP: 1/1
   309 | D:1      | Reached skill level 4 in Unarmed Combat
   515 | D:1      | Reached XP level 3. HP: 36/36 MP: 2/2
  1078 | D:2      | Found a shadowy altar of Dithmenos.
  1105 | D:2      | Reached XP level 4. HP: 44/44 MP: 3/3
  1197 | D:2      | Reached skill level 5 in Unarmed Combat
  1740 | D:3      | Noticed an ice beast
  1788 | D:5      | Entered Level 5 of the Dungeon
  1815 | D:5      | Reached XP level 5. HP: 48/50 MP: 4/4
  1852 | D:5      | Found a runed door.
  1887 | D:5      | Noticed p0werm0de's ghost (novice DsSk)
  1953 | D:4      | Reached skill level 6 in Unarmed Combat
  2164 | D:4      | Reached XP level 6. HP: 15/59 MP: 5/5
  2230 | D:4      | Reached skill level 7 in Unarmed Combat
  2271 | D:4      | Found a staircase to the Ecumenical Temple.
  2308 | Temple   | Entered the Ecumenical Temple
  2373 | Temple   | Became a worshipper of Warmaster Okawaru
  2373 | Temple   | Reached * piety under Okawaru
  2373 | Temple   | Reached ** piety under Okawaru
  2659 | D:3      | Killed an ice beast
  2905 | D:3      | Found a white marble altar of Elyvilon.
  3046 | D:5      | HP: 2/59 [p0werm0de's ghost (4)]
  3048 | D:5      | Mangled by p0werm0de's ghost

Vault maps used:
D:1:      minmay_arrival_doors
D:2:      first_ration, grunt_dithmenos_smoke
D:3:      elyvilon_altar_4
D:4:      tgw_sif, minmay_temple_entry_large_hall
D:5:      nicolae_ru_great_annihilating_truth, nicolae_alphabet_shops,
          nicolae_gozag_cash_rules_everything_around_me, uniq_crazy_yiuf_cottage
Temple:   kb_temple_of_zot

Skill      XL: |  1  2  3  4  5  6 |
---------------+-------------------+-----
Unarmed Combat | 4 5 6 7 |  7.9
Fighting       | |  2.4
Dodging        | |  2.4
Stealth        | |  1.0

Action                   |  1- 3 |  4- 6 || total
-------------------------+-------+-------++-------
Melee: Unarmed           |    91 |   127 ||   218
       Punch             |     2 |     2 ||     4
Throw: Tomahawk          |       |     2 ||     2
Invok: Heroism           |       |     2 ||     2
  Use: Scroll            |       |     3 ||     3
       Potion            |       |     2 ||     2
 Stab: Sleeping          |     5 |     1 ||     6
  Eat: Chunk             |    16 |    17 ||    33
Armor: Robe              |    27 |    24 ||    51
Dodge: Dodged            |    50 |    63 ||   113

Table legend:
 A = Spawn XP
 B = Non-spawn XP
 C = Spawn XP percentage of total XP
 D = Spawn monster count
 E = Non-spawn monster count
 F = Spawn count percentage of total count
 G = Total turns spent on level
                    A         B        C        D         E        F      G
               +---------+---------+-------+---------+---------+-------+---------
         Total |       0 |     707 |   0.0 |       0 |      84 |   0.0 |  3048
               +---------+---------+-------+---------+---------+-------+---------
           D:1 |       0 |      58 |   0.0 |       0 |      29 |   0.0 |   929
           D:2 |       0 |      68 |   0.0 |       0 |      25 |   0.0 |   688
           D:3 |       0 |     145 |   0.0 |       0 |      13 |   0.0 |   495
           D:4 |       0 |     348 |   0.0 |       0 |      13 |   0.0 |   705
           D:5 |       0 |      88 |   0.0 |       0 |       4 |   0.0 |   144
               +---------+---------+-------+---------+---------+-------+---------
